TOP OF THE 1ST |
Princeton Rays batting - Pitching for Greeneville Astros : LHP Dzintars Balodis
|
Pitching: LHP Dzintars Balodis
|
|
Batting: LHB Darryl Gonnella
|
0-0: Ball 1-0: Swinging Strike 1-1: Ball 2-1: Foul Ball, location: 2F 2-2: Foul Ball, location: 2F 2-2: Strikes out swinging
|
Batting: LHB Harris Vink
|
0-0: Called Strike 0-1: Swinging Strike 0-2: Strikes out looking
|
Batting: RHB Wil Urban
|
0-0: Ball 1-0: Ball 2-0: Ball 3-0: Called Strike 3-1: Foul Ball, location: 2F 3-2: Ground out 6-3 (Groundball, 6, EV 91.2 MPH)
|
Top of the 1st over - 0 runs, 0 hits, 0 errors, 0 left on base; Princeton 0 - Greeneville 0 |
BOTTOM OF THE 1ST |
Greeneville Astros batting - Pitching for Princeton Rays : RHP Julio Trejo
|
Pitching: RHP Julio Trejo
|
|
Batting: RHB Mike Griffin
|
0-0: Ball 1-0: Swinging Strike 1-1: Ball 2-1: Ball 3-1: Ground out 4-3 (Groundball, 13, EV 92.5 MPH)
|
Batting: LHB Bruce Arvizu
|
0-0: Ball 1-0: Called Strike 1-1: Called Strike 1-2: Strikes out swinging
|
Batting: RHB Juan Mendoza
|
0-0: Called Strike 0-1: Hit by Pitch
|
Batting: SHB Chris Keziah
|
0-0: Ball 1-0: Ground out 3-1 (Groundball, 34S, EV 79.4 MPH)
|
Bottom of the 1st over - 0 runs, 0 hits, 0 errors, 1 left on base; Princeton 0 - Greeneville 0 |
TOP OF THE 2ND |
Princeton Rays batting - Pitching for Greeneville Astros : LHP Dzintars Balodis
|
Batting: RHB Jose Arriola
|
0-0: Swinging Strike 0-1: Fly out, F9 (Line Drive, 9, EV 100.6 MPH)
|
Batting: RHB Nelle Lommen
|
0-0: Called Strike 0-1: Called Strike 0-2: Ball 1-2: Ball 2-2: Ground out 6-3 (Groundball, 6, EV 90.6 MPH)
|
Batting: LHB Dave Northam
|
0-0: Swinging Strike 0-1: Swinging Strike 0-2: Ball 1-2: Strikes out looking
|
Top of the 2nd over - 0 runs, 0 hits, 0 errors, 0 left on base; Princeton 0 - Greeneville 0 |
BOTTOM OF THE 2ND |
Greeneville Astros batting - Pitching for Princeton Rays : RHP Julio Trejo
|
Batting: LHB Daigo Ishii
|
0-0: Called Strike 0-1: Swinging Strike 0-2: Ball 1-2: Strikes out looking
|
Batting: RHB Russ Greer
|
0-0: Ball 1-0: Ball 2-0: Ball 3-0: Base on Balls
|
Batting: RHB Andrew Pride
|
0-0: Grounds into double play, 6-4-3 (Groundball, 6MD, EV 103.1 MPH)
|
Bottom of the 2nd over - 0 runs, 0 hits, 0 errors, 0 left on base; Princeton 0 - Greeneville 0 |
TOP OF THE 3RD |
Princeton Rays batting - Pitching for Greeneville Astros : LHP Dzintars Balodis
|
Batting: LHB Rocky Crowley
|
0-0: Foul Ball, location: 2F 0-1: Foul Ball, location: 2F 0-2: Strikes out swinging
|
Batting: RHB Khalil Walker
|
0-0: Ball 1-0: Called Strike 1-1: Foul Ball, location: 2F 1-2: Ball 2-2: Foul Ball, location: 2F 2-2: Strikes out looking
|
Batting: RHB Jesus Carrillo
|
0-0: Ball 1-0: Called Strike 1-1: Reached via error on a dropped throw from 1B, E1 (Groundball, 34, EV 81.9 MPH)
|
Batting: LHB Darryl Gonnella
|
0-0: Swinging Strike 0-1: Foul Ball, location: 2F 0-2: Ball 1-2: Ball 2-2: Foul Ball, location: 2F 2-2: Ball 3-2: Base on Balls Jesus Carrillo to second
|
Batting: LHB Harris Vink
|
0-0: Ball 1-0: Fielders Choice at 2nd, 6-4 (Groundball, 6, EV 88.1 MPH)
|
Top of the 3rd over - 0 runs, 0 hits, 1 error, 2 left on base; Princeton 0 - Greeneville 0 |
BOTTOM OF THE 3RD |
Greeneville Astros batting - Pitching for Princeton Rays : RHP Julio Trejo
|
Batting: RHB Jarno van Lente
|
0-0: Ball 1-0: Ball 2-0: Called Strike 2-1: Foul Ball, location: 2F 2-2: Strikes out swinging
|
Batting: RHB Guo-ning Chen
|
0-0: Called Strike 0-1: Ball 1-1: Bunt missed! 1-2: Ball 2-2: Ball 3-2: Foul Ball, location: 2F 3-2: Strikes out looking
|
Batting: RHB Mike Griffin
|
0-0: Swinging Strike 0-1: Ball 1-1: Ball 2-1: Foul Ball, location: 2F 2-2: Strikes out swinging
|
Bottom of the 3rd over - 0 runs, 0 hits, 0 errors, 0 left on base; Princeton 0 - Greeneville 0 |
TOP OF THE 4TH |
Princeton Rays batting - Pitching for Greeneville Astros : LHP Dzintars Balodis
|
Batting: RHB Wil Urban
|
0-0: Called Strike 0-1: Ball 1-1: Foul Ball, location: 2F 1-2: Strikes out swinging
|
Batting: RHB Jose Arriola
|
0-0: Ball 1-0: Called Strike 1-1: Ground out 1-3 (Groundball, 23, EV 69.4 MPH)
|
Batting: RHB Nelle Lommen
|
0-0: Called Strike 0-1: Called Strike 0-2: Strikes out swinging
|
Top of the 4th over - 0 runs, 0 hits, 0 errors, 0 left on base; Princeton 0 - Greeneville 0 |
BOTTOM OF THE 4TH |
Greeneville Astros batting - Pitching for Princeton Rays : RHP Julio Trejo
|
Batting: LHB Bruce Arvizu
|
0-0: Ball 1-0: Swinging Strike 1-1: Swinging Strike 1-2: Hit by Pitch
|
Batting: RHB Juan Mendoza
|
0-0: Ball 1-0: Ball 2-0: 2-RUN HOME RUN (Flyball, 8LXD, EV 113.8 MPH), Distance : 436 ft
|
Batting: SHB Chris Keziah
|
0-0: Ball 1-0: Called Strike 1-1: Foul Ball, location: 2F 1-2: Ground out 4-3 (Groundball, 4, EV 80.0 MPH)
|
Batting: LHB Daigo Ishii
|
0-0: Ball 1-0: Ball 2-0: Ball 3-0: Called Strike 3-1: Foul Ball, location: 2F 3-2: Strikes out swinging
|
Batting: RHB Russ Greer
|
0-0: Ball 1-0: Swinging Strike 1-1: Ball 2-1: Ground out 5-3 (Groundball, 56, EV 104.4 MPH)
|
Bottom of the 4th over - 2 runs, 1 hit, 0 errors, 0 left on base; Princeton 0 - Greeneville 2 |
TOP OF THE 5TH |
Princeton Rays batting - Pitching for Greeneville Astros : LHP Dzintars Balodis
|
Batting: LHB Dave Northam
|
0-0: Called Strike 0-1: Foul Ball, location: 2F 0-2: Strikes out swinging
|
Batting: LHB Rocky Crowley
|
0-0: Called Strike 0-1: Ball 1-1: Swinging Strike 1-2: Ball 2-2: Strikes out swinging
|
Batting: RHB Khalil Walker
|
0-0: Ball 1-0: Ball 2-0: Ball 3-0: Base on Balls
|
Batting: RHB Jesus Carrillo
|
0-0: Called Strike 0-1: Ball 1-1: Foul Ball, location: 2F 1-2: Ground out 4-3 (Groundball, 4, EV 108.8 MPH)
|
Top of the 5th over - 0 runs, 0 hits, 0 errors, 1 left on base; Princeton 0 - Greeneville 2 |
BOTTOM OF THE 5TH |
Greeneville Astros batting - Pitching for Princeton Rays : RHP Julio Trejo
|
Batting: RHB Andrew Pride
|
0-0: Called Strike 0-1: Ball 1-1: Swinging Strike 1-2: Ground out 4-3 (Groundball, 4, EV 85.6 MPH)
|
Batting: RHB Jarno van Lente
|
0-0: Called Strike 0-1: Ball 1-1: Foul Ball, location: 2F 1-2: Ground out U3 (Groundball, 34, EV 87.5 MPH)
|
Batting: RHB Guo-ning Chen
|
0-0: Called Strike 0-1: Foul Ball, location: 2F 0-2: Ball 1-2: Ball 2-2: Foul Ball, location: 2F 2-2: Foul Ball, location: 2F 2-2: Ball 3-2: Foul Ball, location: 2F 3-2: Foul Ball, location: 2F 3-2: Foul Ball, location: 2F 3-2: Foul Ball, location: 2F 3-2: Strikes out looking
|
Bottom of the 5th over - 0 runs, 0 hits, 0 errors, 0 left on base; Princeton 0 - Greeneville 2 |
TOP OF THE 6TH |
Princeton Rays batting - Pitching for Greeneville Astros : LHP Dzintars Balodis
|
Batting: LHB Darryl Gonnella
|
0-0: Ground out 3-1 (Groundball, 3D, EV 110.0 MPH)
|
Batting: LHB Harris Vink
|
0-0: Called Strike 0-1: Called Strike 0-2: Ball 1-2: Strikes out swinging
|
Batting: RHB Wil Urban
|
0-0: Called Strike 0-1: Ball 1-1: Swinging Strike 1-2: Ball 2-2: Ball 3-2: Foul Ball, location: 2F 3-2: SOLO HOME RUN (Flyball, 78XD, EV 105.0 MPH), Distance : 400 ft
|
Batting: RHB Jose Arriola
|
0-0: DOUBLE (Line Drive, 9LS, EV 92.5 MPH)
|
Batting: RHB Nelle Lommen
|
0-0: Ball 1-0: Called Strike 1-1: Ground out 5-3 (Groundball, 56S, EV 78.1 MPH)
|
Top of the 6th over - 1 run, 2 hits, 0 errors, 1 left on base; Princeton 1 - Greeneville 2 |
BOTTOM OF THE 6TH |
Greeneville Astros batting - Pitching for Princeton Rays : RHP Julio Trejo
|
Batting: RHB Mike Griffin
|
0-0: Swinging Strike 0-1: Foul Ball, location: 2F 0-2: Ball 1-2: Strikes out swinging
|
Batting: LHB Bruce Arvizu
|
0-0: Called Strike 0-1: Ball 1-1: Foul Ball, location: 2F 1-2: Ball 2-2: Fly out, F5 (Popup, 5, EV 78.1 MPH)
|
Batting: RHB Juan Mendoza
|
0-0: Ball 1-0: Called Strike 1-1: Foul Ball, location: 2F 1-2: Strikes out looking
|
Bottom of the 6th over - 0 runs, 0 hits, 0 errors, 0 left on base; Princeton 1 - Greeneville 2 |
TOP OF THE 7TH |
Princeton Rays batting - Pitching for Greeneville Astros : LHP Dzintars Balodis
|
Batting: LHB Dave Northam
|
0-0: Ball 1-0: Foul Ball, location: 2F 1-1: Ball 2-1: Called Strike 2-2: Foul Ball, location: 2F 2-2: Foul Ball, location: 2F 2-2: Foul Ball, location: 2F 2-2: Ball 3-2: SINGLE (Groundball, 23, EV 91.9 MPH) (infield hit)
|
Pinch Hitting: RHB Sesto Carpini
|
0-0: Bunt missed! 0-1: Sac Bunt to 13S - play at first, batter OUT! 1-4 Dave Northam to second
|
Batting: RHB Khalil Walker
|
0-0: Foul Ball, location: 2F 0-1: Foul Ball, location: 2F 0-2: Ball 1-2: Foul Ball, location: 2F 1-2: Ball 2-2: Ball 3-2: Base on Balls
|
Pitching: RHP James Browning
|
|
Pinch Hitting: SHB Berthold Frey
|
0-0: Ball Dave Northam steals 3rd base Khalil Walker to second 1-0: Called Strike 1-1: Ball 2-1: Ball 3-1: Called Strike 3-2: Strikes out swinging
|
Batting: LHB Darryl Gonnella
|
0-0: Ground out 6-3 (Groundball, 6, EV 103.1 MPH)
|
Top of the 7th over - 0 runs, 1 hit, 0 errors, 2 left on base; Princeton 1 - Greeneville 2 |
BOTTOM OF THE 7TH |
Greeneville Astros batting - Pitching for Princeton Rays : RHP Julio Trejo
|
Now at 3B: Sesto Carpini
|
|
Now at SS: Khalil Walker
|
|
Now in RF: Berthold Frey
|
|
Batting: SHB Chris Keziah
|
0-0: Ball 1-0: Ball 2-0: Ground out 6-3 (Groundball, P, EV 90.0 MPH)
|
Batting: LHB Daigo Ishii
|
0-0: Swinging Strike 0-1: Swinging Strike 0-2: Strikes out swinging
|
Batting: RHB Russ Greer
|
0-0: Swinging Strike 0-1: Swinging Strike 0-2: Strikes out swinging
|
Bottom of the 7th over - 0 runs, 0 hits, 0 errors, 0 left on base; Princeton 1 - Greeneville 2 |
TOP OF THE 8TH |
Princeton Rays batting - Pitching for Greeneville Astros : RHP James Browning
|
Batting: LHB Harris Vink
|
0-0: Foul Ball, location: 2F 0-1: Foul Ball, location: 2F 0-2: Foul Ball, location: 2F 0-2: Ball 1-2: Ball 2-2: Strikes out swinging
|
Batting: RHB Wil Urban
|
0-0: Ball 1-0: Ball 2-0: Ball 3-0: Ground out 4-3 (Groundball, 6M, EV 83.8 MPH)
|
Batting: RHB Jose Arriola
|
0-0: Ball 1-0: Called Strike 1-1: Ball 2-1: Called Strike 2-2: Ground out 6-3 (Groundball, 56, EV 80.0 MPH)
|
Top of the 8th over - 0 runs, 0 hits, 0 errors, 0 left on base; Princeton 1 - Greeneville 2 |
BOTTOM OF THE 8TH |
Greeneville Astros batting - Pitching for Princeton Rays : RHP Julio Trejo
|
Pitching: RHP Joey Morrison
|
|
Batting: RHB Andrew Pride
|
0-0: Called Strike 0-1: Ball 1-1: Called Strike 1-2: Ball 2-2: Strikes out swinging
|
Batting: RHB Jarno van Lente
|
0-0: Ball 1-0: Ball 2-0: Ground out 5-3 (Groundball, 5S, EV 80.0 MPH)
|
Batting: RHB Guo-ning Chen
|
0-0: Ball 1-0: Ball 2-0: Foul Ball, location: 2F 2-1: Called Strike 2-2: Strikes out looking
|
Bottom of the 8th over - 0 runs, 0 hits, 0 errors, 0 left on base; Princeton 1 - Greeneville 2 |
TOP OF THE 9TH |
Princeton Rays batting - Pitching for Greeneville Astros : RHP James Browning
|
Pitching: LHP T.J. Westover
|
|
Batting: RHB Nelle Lommen
|
0-0: Ball 1-0: Ball 2-0: Ball 3-0: Called Strike 3-1: Called Strike 3-2: Base on Balls
|
Batting: LHB Dave Northam
|
0-0: Ball 1-0: Bunted foul 1-1: Bunt missed! 1-2: Ball 2-2: SINGLE (Line Drive, 4D, EV 103.1 MPH) Nelle Lommen to second
|
Batting: RHB Sesto Carpini
|
0-0: Bunted foul 0-1: Ball 1-1: Bunt missed! 1-2: Strikes out swinging
|
Batting: RHB Khalil Walker
|
0-0: Ball 1-0: Called Strike 1-1: Foul Ball, location: 2F 1-2: Ground out 5-3 (Groundball, 56, EV 86.9 MPH) Nelle Lommen to third Dave Northam to second
|
Pinch Hitting: RHB Jon Gonzales
|
0-0: Ball 1-0: Ground out 5-3 (Groundball, 5S, EV 85.0 MPH)
|
Top of the 9th over - 0 runs, 1 hit, 0 errors, 2 left on base; Princeton 1 - Greeneville 2 |
|